 Dungeon Crawl Stone Soup version 0.30-a0-25-gacc37e2 (webtiles) character file.

Game seed: 8410524410612724909

3030 Illumine the Nimble (level 9, -9/42 HPs)
             Began as a Felid Summoner on Aug 10, 2022.
             Was an Initiate of Gozag.
             Mangled by a meliai
             ... wielding a +0 war axe
              (16 damage)
             ... on level 10 of the Dungeon on Aug 25, 2022.
             The game lasted 00:38:45 (16242 turns).

Illumine the Nimble (Felid Summoner)               Turns: 16242, Time: 00:38:46

Health: -9/42      AC:  2    Str:  4    XL:     9   Next: 56%
Magic:  9/21       EV: 23    Int: 21    God:    Gozag
Gold:   1139       SH:  0    Dex: 17    Spells: 3/23 levels left
                                        Lives:  0   Deaths: 3

rFire   . . .      SeeInvis +    (weapon unavailable)
rCold   . . .      Faith    .    (shield unavailable)
rNeg    + . .      Spirit   .    (body armour unavailable)
rPois   .          Reflect  .    (helmet unavailable)
rElec   .          Harm     .    (cloak unavailable)
rCorr   .          Rampage  .    (gloves unavailable)
Will    +....                    (boots unavailable)
Stlth   ++........               (no amulet)
HPRegen 0.14/turn                h - ring of wizardry
MPRegen 0.17/turn                d - ring of positive energy

@: quick
A: very small, claws 1, fangs 3, see invisible, speed 1, shaggy fur 2, stealthy
paws, no weapons or thrown items, no armour, multi-lived
a: Renounce Religion, Potion Petition, Call Merchant, Bribe Branch


You were on level 10 of the Dungeon.
You worshipped Gozag.
Gozag was most pleased with you.
You visited 2 branches of the dungeon, and saw 11 of its levels.

You collected 1224 gold pieces.
You paid 85 gold pieces to Gozag.

Inventory:

Hand Weapons
 y - the +5 lajatang of Gux Gyxoem {spect, rPois}
   (You took it off a kobold brigand on level 9 of the Dungeon)

   When its wielder attacks, the weapon's spirit leaps out and strikes again.
   The spirit shares a part of any damage it takes with its wielder.
   rPois:     It protects you from poison.
Jewellery
 d - a ring of positive energy (right paw)
 h - a ring of wizardry (left paw)
 n - a +4 ring of slaying
 z - the ring of Jyellest {Fire Str-4 Int+8 Dex+3 SInv}
   (You found it on level 10 of the Dungeon)

   [ring of fire]

   It enhances your fire magic.
   Str:       It affects your strength (-4).
   Int:       It affects your intelligence (+8).
   Dex:       It affects your dexterity (+3).
   rF:        It protects you from fire.
   rC:        It makes you vulnerable to cold.
   SInv:      It lets you see invisible.
Wands
 c - a wand of iceblast (15)
 s - a wand of digging (7)
 t - a wand of quicksilver (10)
 u - a wand of polymorph (17)
 x - a wand of mindburst (8)
Scrolls
 f - a scroll of immolation {unknown}
 i - 2 scrolls of silence {unknown}
 j - 3 scrolls of poison
 l - a scroll of amnesia
 m - a scroll of torment
 o - 2 scrolls of teleportation
 v - a scroll of fear {unknown}
Potions
 a - 3 potions of magic
 b - 2 potions of might
 e - 4 potions of attraction {unknown}
 g - 5 potions of flight
 k - 5 potions of curing
 p - 2 potions of resistance {unknown}
 q - 6 potions of heal wounds {unknown}
 r - 3 potions of lignification {unknown}
 w - a potion of brilliance {unknown}


   Skills:
 + Level 6.6 Fighting
 + Level 9.3 Dodging
 - Level 2.6 Stealth
 + Level 7.9 Spellcasting
 - Level 5.0 Hexes
 + Level 9.2 Summonings
 - Level 4.0 Translocations
 + Level 6.5 Air Magic


You had 3 spell levels left.
You knew the following spells:

 Your Spells              Type           Power      Damage    Failure   Level
a - Swiftness             Air            35%        N/A       1%          3
b - Call Imp              Summ           47%        N/A       1%          2
c - Call Canine Familiar  Summ           47%        N/A       1%          3
d - Summon Guardian Gole  Hex/Summ       38%        N/A       1%          3
e - Summon Lightning Spi  Summ/Air       41%        N/A       1%          4
f - Blink                 Tloc           50%        N/A       1%          2
g - Tukima's Dance        Hex            29%        N/A       1%          3

Your spell library contained the following spells:

 Spells                   Type           Power      Damage    Failure   Level
 Shock                    Conj/Air       88%        1d8       1%          1
 Summon Small Mammal      Summ           100%       N/A       1%          1
 Ensorcelled Hibernation  Hex/Ice        36%        N/A       1%          2
 Poisonous Vapours        Pois/Air       44%        N/A       1%          2
 Gell's Gravitas          Tloc           25%        N/A       1%          3
 Lesser Beckoning         Tloc           25%        N/A       1%          3
 Teleport Other           Tloc           25%        N/A       1%          3
 Passwall                 Tmut/Erth      6%         N/A       4%          2
 Sublimation of Blood     Necr           8%         N/A       4%          2
 Conjure Flame            Conj/Fire      8%         6-21      10%         3
 Ignite Poison            Fire/Tmut/Pois 8%         N/A       10%         3
 Airstrike                Air            17%        2d(3-19)  2%          4
 Manifold Assault         Tloc           25%        N/A       17%         5
 Lightning Bolt           Conj/Air       11%        1d24      22%         5
 Petrify                  Tmut/Erth      8%         N/A       32%         4
 Sticky Flame             Conj/Fire      8%         2d3       32%         4
 Blade Hands              Tmut           4%         N/A       63%         5
 Irradiate                Conj/Tmut      4%         3d13      63%         5
 Dispersal                Tloc           12%        N/A       65%         6
 Portal Projectile        Hex/Tloc       Unusable   N/A       N/A         3
 Corpse Rot               Necr/Pois/Air  Unusable   N/A       N/A         4

Dungeon Overview and Level Annotations

Branches:
Dungeon (10/15)            Temple (1/1) D:6
   Lair: D:8-11         Orc: D:9-12

Altars:
Ashenzari
Elyvilon
Fedhas
Gozag
Hepliaklqana
Makhleb
Nemelex Xobeh
Trog
Uskayaw
Xom
Zin

Shops:
D:4 [   D:6 *   D:9 [


Innate Abilities, Weirdness & Mutations

You have sharp claws.
You have razor-sharp teeth.
You have supernaturally acute eyesight. (SInv)
You cover ground quickly. (Speed+)
You are covered in thick fur. (AC +2)
Your paws help you pounce on unaware monsters.
You are incapable of wielding weapons or throwing items.
You cannot wear armour.
You gain extra lives every three experience levels.


Message History

Something smites you! The wolf attacks as you move away! The wolf misses you.
Casting: Summon Guardian Golem (safe; 1% risk of failure)
Confirm with . or Enter, or press ? or * to list all spells.
An electric hum fills the air.
The wolf closely misses you. The meliai hits you with a +0 war axe!
* * * LOW HITPOINT WARNING * * *
The meliai hits your lightning spire with a +0 war axe.
The meliai misses you. The meliai attacks as you move away!
The meliai barely misses you.
The meliai hits your lightning spire but does no damage.
The meliai misses you. The wolf attacks as you move away!
The wolf completely misses you. The wolf bites your lightning spire.
The meliai hits your lightning spire with a +0 war axe!
The meliai stings your lightning spire!
Unknown command.
The wolf bites your lightning spire.
The meliai hits your lightning spire with a +0 war axe.
The meliai barely misses your lightning spire.
The wolf bites your lightning spire.
The meliai hits your lightning spire with a +0 war axe.
The meliai barely misses your lightning spire.
Unknown command.
Aiming: Iceblast
Press: ? - help, Shift-Dir - straight line The mass of ice explodes!
The iceblast engulfs the meliai!
The meliai is heavily wounded.
The iceblast engulfs your lightning spire.
Your lightning spire partially resists.
Your lightning spire is almost destroyed.
Your lightning spire disappears in a puff of smoke!
The meliai zaps a wand.
You resist with almost no effort.
Unknown command.
Okay, then.
Casting: Summon Lightning Spire (dangerous; 1% risk of failure)
Confirm with . or Enter, or press ? or * to list all spells.
An electric hum fills the air.
The wolf barely misses you. The meliai hits you with a +0 war axe!
You die...
Your body crumbles into a pile of gold.

#..# #.............# #..#
#.............# #..#
#.............# ###..#
#>............# .....#
#.............# ###..#
#.............# #y.#
#.............# #..#
#.[.§.........# #..#
#.§.h@8....)..#
#..#######.9.y.........#
#...........########...########
#.#########.# #........... #.#
#.# #..######### #.# #.# #..# #
#.# #.# #..# # #.# #.# #..# #
#.# #.# #..# #


You could see a meliai (ally target), a wolf (hexed, summoned, ally target), a
friendly guardian golem (summoned) and a friendly lightning spire (summoned).

Vanquished Creatures
  A vampire mosquito (D:9)
  A water moccasin (D:6)
  A phantom (D:6)
  A howler monkey (D:8)
  A gnoll (D:5)
  A shadow imp (D:6)
  An ufetubus (D:4)
  2 ball pythons
  2 bats (D:2)
  An endoplasm (D:1)
  A hobgoblin (D:3)
  A quokka (D:1)
  A rat (D:2)
  A bush (D:7)
16 creatures vanquished.

Vanquished Creatures (collateral kills)
  A boulder beetle (D:9)
  Maurice (D:8)
  2 unseen horror zombies (D:9)
  A troll (D:10)
  Sigmund (D:5)
  A wyvern (D:8)
  5 yaks (D:9)
  A steam dragon (D:8)
  2 vampire mosquitoes (D:9)
  2 water moccasins
  2 acid dragons (D:9)
  Duvessa (D:5)
  A sky beast (D:7)
  3 black bears
  2 centaurs
  An ogre (D:6)
  3 kobold brigands (D:9)
  2 phantoms
  5 bullfrogs
  3 scorpions
  A wyvern zombie (D:9)
  Dowan (D:5)
  4 wights
  3 killer bees (D:7)
  A centaur zombie (D:9)
  3 howler monkeys
  2 hounds
  3 orc priests
  7 orc wizards
  2 killer bee zombies (D:9)
  3 howler monkey zombies (D:9)
  12 gnolls
  4 adders
  2 ufetubi
  3 dart slugs
  A worm (D:2)
  27 orcs
  8 bats
  5 endoplasms
  A giant cockroach (D:2)
  3 goblins
  4 hobgoblins
  4 jackals (D:4)
  17 kobolds
  2 quokkas
  5 ball pythons
  2 frilled lizards
  A rat (D:2)
171 creatures vanquished.

Vanquished Creatures (others)
  A hydra (shapeshifter) (D:9)
  A shadow (D:10)
  A wraith (D:10)
  2 yaks (D:9)
  A vampire mosquito (D:9)
  A water moccasin (D:5)
  An ice beast (D:6)
  An orc warrior (D:10)
  An ogre (D:5)
  2 centaurs
  A kobold brigand (D:7)
  A wight (D:10)
  2 killer bees (D:7)
  A hound (D:6)
  A centaur zombie (D:9)
  An iguana (D:6)
  A shadow imp (D:6)
  A kobold (D:9)
  2 withered plants (D:9)
23 creatures vanquished.

Grand Total: 210 creatures vanquished

Notes
Turn   | Place    | Note
-------+----------+-------------------------------------------
     0 | D:1      | Illumine the Felid Summoner began the quest for the Orb.
     0 | D:1      | Reached XP level 1. HP: 7/7 MP: 4/4
   338 | D:1      | Upgraded the game from 0.29-a0-1019-g84f7d21 to
                  | 0.29-a0-1027-gcd8c55a
   517 | D:1      | Reached XP level 2. HP: 11/11 MP: 3/6
   520 | D:1      | Learned a level 2 spell: Call Imp
  1331 | D:2      | Upgraded the game from 0.29-a0-1027-gcd8c55a to
                  | 0.29-a0-1039-gfc20370
  1354 | D:2      | Reached XP level 3. HP: 14/14 MP: 5/8
  1914 | D:2      | Upgraded the game from 0.29-a0-1039-gfc20370 to
                  | 0.29-a0-1047-g7c58e11
  2022 | D:2      | Learned a level 3 spell: Call Canine Familiar
  2769 | D:3      | You fall into a shaft and drop 1 floor!
  2773 | D:4      | Found a broken altar of Ashenzari.
  2773 | D:4      | Noticed a phantom
  2789 | D:4      | Reached XP level 4. HP: 12/18 MP: 2/9
  3216 | D:4      | Slain by an ufetubus
  3217 | D:4      | Reached XP level 3. HP: 0/14 MP: 3/8
  3355 | D:4      | Reached skill level 5 in Summonings
  3635 | D:4      | Noticed a black bear
  4124 | D:3      | Reached XP level 4. HP: 10/18 MP: 4/10
  4255 | D:3      | Learned a level 3 spell: Summon Guardian Golem
  4799 | D:3      | Upgraded the game from 0.29-a0-1047-g7c58e11 to
                  | 0.29-a0-1064-g5fe6d56
  4906 | D:3      | Killed a phantom
  4907 | D:3      | Reached XP level 5. HP: 12/21 MP: 5/12
  5299 | D:3      | Reached skill level 1 in Hexes
  5499 | D:4      | Killed a black bear
  5500 | D:4      | Gained mutation: You are covered in thick fur. (AC +2)
                  | [Felid growth]
  5500 | D:4      | Reached XP level 6. HP: 24/24 MP: 5/13
  5562 | D:4      | Learned a level 4 spell: Summon Lightning Spire
  5570 | D:4      | Identified the +4 dagger of the Oily God {protect, rElec
                  | Will- Str+4 Stlth+}
  5658 | D:4      | Found Plog's Antique Armour Shop.
  5805 | D:5      | Entered Level 5 of the Dungeon
  5811 | D:5      | Noticed Sigmund
  5823 | D:5      | Killed Sigmund
  5937 | D:5      | Reached skill level 1 in Fighting
  5937 | D:5      | Reached skill level 1 in Air Magic
  5937 | D:5      | Reached XP level 7. HP: 13/28 MP: 8/15
  5953 | D:5      | HP: 1/28 [howler monkey (7)]
  6539 | D:4      | Reached skill level 5 in Spellcasting
  6628 | D:5      | Noticed Dowan
  6652 | D:5      | Killed Dowan
  6822 | D:5      | Reached XP level 8. HP: 21/34 MP: 10/16
  7182 | D:5      | Learned a level 2 spell: Blink
  7215 | D:5      | Reached skill level 5 in Hexes
  7337 | D:5      | Noticed Duvessa
  7353 | D:5      | Killed Duvessa
  7354 | D:5      | Reached skill level 1 in Translocations
  7664 | D:5      | Upgraded the game from 0.29-a0-1064-g5fe6d56 to
                  | 0.30-a0-7-g94fe547
  7681 | D:6      | Reached skill level 5 in Dodging
  7866 | D:6      | Found Wemad's Elemental Accessories.
  8045 | D:6      | Found a staircase to the Ecumenical Temple.
  8054 | Temple   | Entered the Ecumenical Temple
  8205 | Temple   | Became a worshipper of Gozag Ym Sagoz the Greedy
  8735 | D:6      | Reached XP level 9. HP: 38/38 MP: 13/18
 10202 | D:7      | Upgraded the game from 0.30-a0-7-g94fe547 to
                  | 0.30-a0-21-g5d08c37
 11084 | D:8      | Noticed Maurice
 11105 | D:8      | Killed Maurice
 11954 | D:8      | Reached skill level 5 in Air Magic
 12310 | D:9      | Found a burning altar of Makhleb.
 12602 | D:9      | Learned a level 3 spell: Swiftness
 12606 | D:9      | Learned a level 3 spell: Tukima's Dance
 12668 | D:9      | Reached skill level 5 in Fighting
 12668 | D:9      | Reached XP level 10. HP: 44/44 MP: 9/21
 13155 | D:9      | Found Xoilatig's Antique Armour Boutique.
 13185 | D:9      | Noticed a boulder beetle
 13975 | D:9      | Slain by a boulder beetle
 13976 | D:9      | Reached XP level 9. HP: -4/40 MP: 1/20
 13976 | D:9      | Upgraded the game from 0.30-a0-21-g5d08c37 to
                  | 0.30-a0-25-gacc37e2
 14026 | D:9      | Identified the +5 lajatang of Gux Gyxoem {spect, rPois}
 14340 | D:9      | Noticed a radroach
 14347 | D:9      | Noticed a six-headed hydra
 14347 | D:9      | a radroach changed into a six-headed hydra
 14362 | D:9      | Killed a six-headed hydra
 14363 | D:9      | Reached XP level 10. HP: 45/45 MP: 2/22
 14589 | D:9      | Killed a boulder beetle
 15046 | D:9      | HP: 1/46 [acid dragon/splash of acid (24)]
 15603 | D:10     | Entered Level 10 of the Dungeon
 15613 | D:10     | Identified the ring of Jyellest {Fire Str-4 Int+8 Dex+3
                  | SInv}
 16185 | D:10     | Mangled by a meliai
 16186 | D:10     | Reached XP level 9. HP: -6/42 MP: 13/21
 16242 | D:10     | Mangled by a meliai

Illustrated notes

Levels and vault maps discovered:
D:1:      minmay_arrival_four_houses, layout_loops_ring,
          shapermc_ecumenical_altar_pompeii
D:2:      layout_basic, minmay_octomino_c4
D:3:      layout_basic
D:4:      layout_gridville, overflow_temple_1_default, serial_shops,
          nicolae_shop_hallway_plus, st_stairs_8
D:5:      black_bear_nest_1, layout_rooms, uniq_sigmund, uniq_duvessa
D:6:      layout_cave_pods, minmay_temple_entry_drinking_statues,
          nicolae_ossuary_entry_monument, nicolae_elemental_shop
D:7:      layout_basic, kb_lookout_dungeons_type, minmay_misc_feat_more_columns
D:8:      layout_cave_pools, uniq_maurice
D:9:      layout_roguey, bloody_makhleb, serial_undead, serial_undead_e,
          serial_undead_b, serial_undead_a, serial_undead_d, serial_shops, shop,
          minmay_mirror_moons_of_madness
D:10:     layout_long_grid
Temple:   mainiacjoe_temple_cubbyholes

Skill      XL: |  1  2  3  4  5  6  7  8  9 10 |
---------------+-------------------------------+-----
Spellcasting   | 3 4 5 6 7 |  7.9
Summonings     | 5 6 7 8 9 |  9.2
Hexes          | 2 3 4 5 |  5.0
Dodging        | 3 4 5 7 9 |  9.3
Fighting       | 1 2 3 6 |  6.6
Air Magic      | 1 2 3 6 |  6.5
Translocations | 3 4 |  4.0
Stealth        | |  2.6

Action                   |  1- 3 |  4- 6 |  7- 9 | 10-12 || total
-------------------------+-------+-------+-------+-------++-------
Melee: Unarmed           |    39 |     9 |    90 |    13 ||   151
       Bite              |     3 |     1 |    21 |     2 ||    27
       Punch             |       |       |     3 |       ||     3
 Cast: Summon Small Mamm |    47 |     8 |     4 |       ||    59
       Call Imp          |    30 |    15 |    26 |     3 ||    74
       Call Canine Famil |     4 |    16 |    53 |    26 ||    99
       Summon Guardian G |       |     3 |    48 |    20 ||    71
       Summon Lightning  |       |       |    22 |    23 ||    45
       Tukima's Dance    |       |       |       |     1 ||     1
Evoke: Wand              |       |       |     2 |       ||     2
  Use: Scroll            |     2 |     4 |     6 |     1 ||    13
       Potion            |       |     1 |       |       ||     1
 Stab: Distracted        |       |       |     1 |     1 ||     2
Armor: Skin              |     6 |     3 |     5 |       ||    14
Dodge: Dodged            |    71 |    40 |    88 |    45 ||   244

Table legend: (Time is in decaauts)
 A = Elapsed time spent in this place.
 B = Non-inter-level travel time spent in this place.
 C = Inter-level travel time spent in this place.
 D = Time resting spent in this place.
 E = Time spent auto-exploring this place.
 F = Levels seen in this place.
 G = Mean time per level.
                   A        B        C        D        E       F      G
               +--------+--------+--------+--------+--------+-----+--------+
         Total |  14954 |  14479 |    475 |   5635 |   5574 |  11 | 1359.5 |
       Dungeon |  14763 |  14354 |    409 |   5635 |   5460 |  10 | 1476.3 |
        Temple |    190 |    125 |     65 |      0 |    114 |   1 |  190.0 |
               +--------+--------+--------+--------+--------+-----+--------+

Top non-repeatable levels by time:
     D:9: 3262 daAuts
     D:4: 2344 daAuts
     D:3: 1652 daAuts
     D:2: 1636 daAuts
     D:5: 1314 daAuts
     D:6: 1275 daAuts
     D:7: 1274 daAuts
     D:8: 835 daAuts
     D:1: 601 daAuts
    D:10: 564 daAuts
  Temple: 190 daAuts
